 Dungeon Crawl Stone Soup version 0.16-a0-3115-g4870798 (webtiles) character file.

137 lool the Skirmisher (level 5, -5/48 HPs)
             Began as a Minotaur Berserker on Dec 12, 2014.
             Was an Initiate of Okawaru.
             Slain by a polar bear (10 damage)
             ... summoned by the rage of Trog
             ... on level 3 of the Dungeon.
             The game lasted 00:11:57 (2056 turns).

lool the Skirmisher (Minotaur Berserker)            Turns: 2056, Time: 00:11:57

Health: -5/48      AC:  6    Str: 22    XL:     5   Next: 0%
Magic:  2/2        EV: 11    Int:  4    God:    Okawaru [......]
Gold:   139        SH:  0    Dex: 10    Spells: 0 memorised, 4 levels left

rFire  . . .     SeeInvis .     a - +0 hand axe
rCold  . . .     Clarity  .     f - +0 ring mail
rNeg   . . .     SustAb   .     (no shield)
rPois  +         Gourm    .     (helmet restricted)
rElec  .         Spirit   .     (no cloak)
rCorr  .         Warding  .     (no gloves)
rMut   .         Stasis   .     h - +0 pair of boots
MR     .....                    (no amulet)
Stlth  ..........               (no ring)
                                g - ring of poison resistance

@: not resistant to hostile enchantments, extremely unstealthy
A: retaliatory headbutt, horns 2
a: Renounce Religion


You were on level 3 of the Dungeon.
You worshipped Okawaru.
Okawaru was noncommittal.
You were not hungry.

You visited 1 branch of the dungeon, and saw 3 of its levels.

You collected 139 gold pieces.

Inventory:

Hand weapons
 a - a +0 hand axe (weapon)
 k - a +0 short sword
 r - a +0 mace
Armour
 b - a +0 animal skin
 f - a +0 ring mail (worn)
 h - a +0 pair of boots (worn)
 i - a +0 robe
Jewellery
 g - a ring of poison resistance (left hand)
 j - an uncursed ring of ice
 s - a cursed ring of positive energy {unknown}
Magical devices
 o - a wand of polymorph (7)
Scrolls
 d - 2 scrolls of fear {unknown}
 e - 3 scrolls of identify {unknown}
 l - a scroll of blinking {unknown}
 p - a scroll of teleportation {unknown}
 q - a scroll of random uselessness {unknown}
Potions
 m - 3 potions of curing {unknown}
 n - a potion of restore abilities {unknown}
Comestibles
 c - 2 bread rations


   Skills:
 + Level 5.3 Fighting
 + Level 4.9 Axes
 + Level 3.5 Armour
 - Level 2.1 Dodging


You had 4 spell levels left.
You didn't know any spells.

Dungeon Overview and Level Annotations

Branches:
Dungeon (3/15)

Altars:
Okawaru


Innate Abilities, Weirdness & Mutations

You reflexively headbutt those who attack you in melee.
You have a pair of horns on your head.


Message History

The black bear bites you but does no damage.
The black bear barely misses you. x2
The polar bear misses you. You furiously retaliate!
You headbutt the polar bear, but do no damage.
The polar bear claws you. The polar bear misses you.
The polar bear barely misses you. The polar bear claws you.
The polar bear claws you.
The polar bear rages.
The polar bear bites you!
The polar bear claws you but does no damage.
The polar bear closely misses you.
The black bear rages. x4
The polar bear bites you!!
* * * LOW HITPOINT WARNING * * *
The polar bear claws you but does no damage.
The polar bear claws you.
* * * LOW HITPOINT WARNING * * *
The polar bear rages.
The polar bear bites you!
You die...

... #..# #..# ##..#
... ... #.# #.# #@# #.
#h# ...#. #h#
###+######
#.#.##h######........#
#....hh.....'........#
##...h......#........#
#..........#........#
#..........#........##
#..........+..........


You could see 3 polar bears and 3 black bears.

Vanquished Creatures
  A gnoll (D:2)
  5 adders
  2 worms
  2 giant geckos
  3 oozes
  An orc (D:2)
  4 bats
  7 goblins
  6 hobgoblins
  4 jackals
  5 kobolds
  3 ball pythons
  8 giant cockroaches
  6 giant newts
  A quokka (D:2)
  7 rats
65 creatures vanquished.

Notes
Turn   | Place    | Note
--------------------------------------------------------------
     0 | D:1      | lool, the Minotaur Berserker, began the quest for the Orb.
     0 | D:1      | Reached XP level 1. HP: 19/19 MP: 1/1
   129 | D:1      | Reached skill level 4 in Fighting
   134 | D:1      | Reached XP level 2. HP: 21/27 MP: 1/1
   573 | D:1      | Reached XP level 3. HP: 29/34 MP: 2/2
   891 | D:2      | Acquired Trog's second power
  1082 | D:2      | Reached XP level 4. HP: 39/41 MP: 2/2
  1166 | D:2      | Reached skill level 5 in Fighting
  1541 | D:2      | Found an iron altar of Okawaru.
  1708 | D:2      | Fell from the grace of Trog
  1708 | D:2      | Became a worshipper of Warmaster Okawaru
  1953 | D:3      | Reached XP level 5. HP: 35/48 MP: 2/2
  2050 | D:3      | Noticed a black bear
  2050 | D:3      | Noticed a black bear
  2050 | D:3      | Noticed a polar bear
  2050 | D:3      | Noticed a polar bear
  2050 | D:3      | Noticed a black bear
  2050 | D:3      | Noticed a polar bear
  2056 | D:3      | Slain by a polar bear

Action                   |  1- 3 |  4- 6 || total
-------------------------+-------+-------++-------
Melee: Hand axe          |    82 |    69 ||   151
  Eat: Bread ration      |       |     1 ||     1
       Chunk             |       |     1 ||     1
